Map: Inside and Out

Players

Ryung

  • Race: Terran Terran
  • Spawn Location: 7:00

GuMiho - Winner!

  • Race: Terran Terran
  • Spawn Location: 1:00

Event: DreamHack SC2 Masters 2022 Atlanta (Offline)

VOD

Have the link to the VOD?

Description

Time

  • Played on: Nov. 18, 2022, 9 p.m.
  • Length: 5:34

All games in this series

Show
View Real Time Build Order
Export as new Build Order

Ryung Terran 

Build Orders:  

Get SALT Encoding   

  12  0:00  SCV  
  13  0:12  SCV  
  14  0:16  Supply Depot  
  14  0:24  SCV  
  15  0:38  SCV, Barracks  
  16  0:45  Refinery  
  16  0:50  SCV  
  16  0:52  Refinery  
  17  1:02  SCV  
  18  1:14  SCV  
  19  1:25  Reaper  
  20  1:27  Orbital Command  
  20  1:29  Supply Depot  
  20  1:41  Factory  
  20  1:52  SCV  
  21  1:57  Reaper  
  22  2:05  SCV  
  23  2:17  SCV  
  23  2:21  Command Center  
  24  2:26  Hellion  
  24  2:29  SCV  
  27  2:31  Reaper  
  27  2:35  Supply Depot  
  28  2:41  SCV  
  29  2:47  Widow Mine  
  31  2:55  Starport  
  31  2:57  SCV  
  32  3:04  Barracks Reactor  
  32  3:09  SCV, Factory Tech Lab  
  33  3:18  Refinery  
  33  3:21  SCV  
  37  3:27  Cyclone  
  35  3:39  Orbital Command  
  34  3:44  Marine x2, Starport Tech Lab  
  34  3:46  SCV  
  35  3:58  SCV  
  35  4:01  Command Center  
  36  4:03  Raven  
  36  4:06  SCV  
  39  4:10  SCV  
  39  4:16  Siege Tank  
  43  4:19  SCV  
  43  4:22  SCV, Marine  
  46  4:25  Marine  
  47  4:31  SCV  
  47  4:33  Supply Depot  
  47  4:34  SCV  
  49  4:44  SCV  
  50  4:46  SCV, Marine x2  
  50  4:50  Siege Tank  
  51  4:59  SCV x2  
  49  5:04  Marine x2  
  45  5:11  SCV x2  
Show
View Real Time Build Order
Export as new Build Order

GuMiho Terran - Winner!

Build Orders:  

Get SALT Encoding   

  12  0:00  SCV  
  13  0:12  SCV  
  14  0:17  Supply Depot  
  14  0:24  SCV  
  15  0:38  SCV, Barracks  
  16  0:43  Refinery  
  16  0:50  SCV  
  16  0:52  Refinery  
  17  1:02  SCV  
  18  1:14  SCV  
  19  1:25  Barracks Reactor  
  19  1:26  Orbital Command  
  19  1:35  Supply Depot  
  19  1:40  Factory  
  19  1:52  SCV  
  20  2:02  Reaper x2  
  20  2:04  SCV  
  23  2:19  Command Center  
  23  2:25  Hellion  
  23  2:27  SCV  
  26  2:34  Reaper x2  
  28  2:39  Supply Depot  
  28  2:42  SCV  
  29  2:47  Hellion  
  31  2:58  Starport  
  31  3:01  SCV  
  32  3:06  Marine x2  
  32  3:09  Factory Tech Lab  
  34  3:13  SCV  
  35  3:24  Marine x2  
  35  3:25  SCV  
  38  3:31  Siege Tank  
  37  3:43  Marine  
  37  3:44  Medivac, Marine  
  37  3:48  SCV  
  42  3:50  Orbital Command  
  42  3:56  Refinery  
  42  4:00  SCV  
  42  4:01  Marine x2  
  45  4:05  Supply Depot  
  45  4:08  Siege Tank  
  48  4:12  SCV  
  49  4:17  SCV  
  49  4:19  Marine x2  
  49  4:23  Starport Tech Lab  
  52  4:24  SCV  
  52  4:29  SCV  
  54  4:35  Supply Depot  
  54  4:36  SCV  
  55  4:40  Raven  
  55  4:41  SCV  
  58  4:46  Marine  
  58  4:48  SCV  
  56  4:53  SCV, Marine  
  58  5:04  Marine  
  52  5:08  SCV  
  52  5:09  SCV  
  52  5:11  Marine  
  57  5:17  Command Center  
  57  5:20  SCV  
  58  5:21  SCV  
Tags
 
Add a new tag
Caveats
  • Supply blocks, unpowered buildings, or Contaminate may cause inaccurate times.
  • Supply counts are checked every 10 seconds.